 Dungeon Crawl Stone Soup version 0.31.0-11-ge490571c62 (webtiles) character file.

Game seed: 3818744169307804759

43 Gadfly the Ruffian (level 3, -1/26 HPs)
             Began as a Demonspawn Shapeshifter on Jan 27, 2024.
             Slain by Natasha (6 damage)
             ... on level 2 of the Dungeon.
             The game lasted 00:01:46 (1028 turns).

Gadfly the Ruffian (Demonspawn Shapeshifter)        Turns: 1028, Time: 00:01:47

Health: -1/26      AC:  3    Str: 16    XL:     3   Next: 37%
Magic:  3/3        EV: 12    Int: 10    God:
Gold:   110        SH:  0    Dex: 12    Spells: 2/2 levels left

rFire   . .          .
                       - Unarmed
rCold   . . .        (no shield)
rNeg    . . .        a - +1 animal skin
rPois   .            j - melded +0 helmet
rElec   .            (cloak currently unavailable)
rCorr   .            (gloves currently unavailable)
SInv    .            h - melded +0 pair of boots
Will    .....        (no amulet)
Stlth   +            (no ring)
HPRegen 0.24/turn    (no ring)
MPRegen 0.08/turn

%: no passive effects
@: beast-form, slowed, very slow
A: beast (slay +1), demonic guardian 1
a: Begin Untransformation


You were on level 2 of the Dungeon.
You were a hulking beast.
You visited 1 branch of the dungeon, and saw 2 of its levels.

You collected 110 gold pieces.

Inventory:

Hand Weapons
 i - a +1 dagger of protection
 k - a +2 whip of venom
Armour
 a - a +1 animal skin (worn)
 h - a +0 pair of boots (melded)
 j - a +0 helmet (melded)
Talismans
 c - a beast talisman (active)
 d - a flux talisman
Potions
 b - 2 potions of lignification
 e - a potion of invisibility {unknown}
 f - a potion of curing
 g - a potion of mutation {unknown}


   Skills:
 + Level 1.5 Fighting
 * Level 2.4 Dodging
 + Level 2.9 Unarmed Combat
 * Level 1.5 Evocations
 + Level 2.8 Shapeshifting


You had 2 spell levels left.
You didn't know any spells.
Your spell library contained the following spells:

 Spells                   Type           Power      Damage    Failure   Level
 Freeze                   Ice            0%         1d3       36%         1
 Scorch                   Fire           0%         2d5       50%         2
 Frozen Ramparts          Ice            0%         1d1       75%         3
 Hailstorm                Conj/Ice       0%         3d5       75%         3
 Flame Wave               Conj/Fire      0%         2d4       98%         4
 Summon Cactus Giant      Summ           0%         N/A       100%        6


Dungeon Overview and Level Annotations

Branches:
Dungeon (2/15)

Altars:
Makhleb

Annotations:
D:2 Natasha


Innate Abilities, Weirdness & Mutations

You are a hulking beast.
Your limbs bulge with bestial killing power. (Slay +1)
A weak demonic guardian rushes to your aid.


Message History

k - a +2 whip of venom Natasha stares at you and mumbles some strange words.
You feel as though you will be slow longer.
You hear a shout!
A goblin comes into view. It is wielding a +0 dagger.
The goblin shouts!
You see here a scroll of identify.
Natasha extends her claws.
You closely miss Natasha. Natasha claws you. Natasha claws you!
You are too injured to fight recklessly!
You are too injured to fight recklessly!
You are too injured to fight recklessly!
You are too injured to fight recklessly!
You are too injured to fight recklessly!
You are too injured to fight recklessly!
You are too injured to fight recklessly!
You are too injured to fight recklessly!
You are too injured to fight recklessly!
You are too injured to fight recklessly!
You are too injured to fight recklessly!
You are too injured to fight recklessly!
You are too injured to fight recklessly!
You are too injured to fight recklessly!
You are too injured to fight recklessly!
You are too injured to fight recklessly!
You are too injured to fight recklessly!
Unknown command.
You closely miss Natasha. The goblin hits you with a +0 dagger.
Natasha closely misses you.
You hit Natasha.
Natasha is moderately wounded.
The goblin hits you but does no damage. Natasha barely misses you.
The goblin hits you with a +0 dagger.
You hit Natasha but do no damage.
Natasha is moderately wounded.
Natasha claws you!
* * * LOW HITPOINT WARNING * * *
A demonic guardian appears!
The goblin closely misses you. Natasha claws you.
You die...
Natasha curls up and begins to purr.

## .##### ###### ######
.....######.....#.....##
.........#.............#
####..##...............^
##...........<.......#
###........>5.......#
#.........gh.......# #
##..........h.......# .##
#..._.......?....).# ..#
#.................## ##
..###.......##........###..#
......########........#....
#..###### #..........#
#.......## #........###
###†#..... ...>.......#
......#..# ###........#


You could see Natasha, a goblin (ally target) and a friendly iron imp
(summoned).

Vanquished Creatures
  An adder (D:2)
  A ribbon worm (D:2)
  2 bats
  4 endoplasms (D:1)
  4 goblins (D:1)
  4 hobgoblins
  A quokka (D:1)
  A ball python (D:1)
  4 frilled lizards
  5 kobolds
  4 rats
31 creatures vanquished.

Notes
Turn   | Place    | Note
-------+----------+-------------------------------------------
     0 | D:1      | Gadfly the Demonspawn Shapeshifter began the quest for the
                  | Orb.
     0 | D:1      | Reached XP level 1. HP: 15/15 MP: 1/1
   213 | D:1      | Gained mutation: A weak demonic guardian rushes to your
                  | aid. [demonic ancestry]
   213 | D:1      | Reached XP level 2. HP: 18/21 MP: 2/2
   486 | D:1      | Reached skill level 1 in Evocations
   883 | D:2      | Found a burning altar of Makhleb.
   966 | D:2      | Reached XP level 3. HP: 25/26 MP: 3/3
  1021 | D:2      | Noticed Natasha
  1028 | D:2      | Slain by Natasha

Illustrated notes

Levels and vault maps discovered:
D:1:      ldierk_walled_garden, layout_rooms, hangedman_glass_teeth,
          dk_noncrumbling_4, st_stairs_7, minivault_4, minmay_cupped
D:2:      layout_rooms, basic_altar, minmay_between, uniq_natasha

Skill      XL: |  1  2 |
---------------+-------+-----
Dodging        | 2 |  2.4
Evocations     | 1 |  1.5
Fighting       | |  1.5
Unarmed Combat | |  2.9
Shapeshifting  | |  2.8

Action                     || total
---------------------------++-------
  Melee: Unarmed           ||    94
         Punch             ||     1
Ability: Begin Untransform ||     2
    Use: Scroll            ||     3
   Stab: Sleeping          ||     1
 Armour: Animal skin       ||    47
  Dodge: Dodged            ||    52
   Form: Beast             ||     2
